 Dungeon Crawl Stone Soup version 0.30.1-4-g462c640d31 (webtiles) character file.

Game seed: 804788437889584592

2844 Babbit the Cleaver (level 9, 0/79 HPs)
             Began as a Minotaur Fighter on Aug 10, 2023.
             Succumbed to a hornet's poison
             ... on level 8 of the Dungeon.
             The game lasted 00:21:41 (4784 turns).

Babbit the Cleaver (Minotaur Fighter)               Turns: 4784, Time: 00:21:42

Health: 0/79       AC:  9    Str: 32    XL:     9   Next: 46%
Magic:  8/8        EV: 11    Int:  5    God:
Gold:   354        SH:  5    Dex:  9    Spells: 8/8 levels left

rFire   + . .        v - +8 whip "Gilets" {freeze, rF+}
rCold   . . .        c - +0 buckler
rNeg    . . .        b - +0 scale mail
rPois   .            (helmet restricted)
rElec   .            (no cloak)
rCorr   +            (no gloves)
SInv    .            s - +0 pair of boots
Will    .....        x - amulet of regeneration Stlth
                     l - +6 ring of strength
HPRegen 1.13/turn    o - ring of resist corrosion
MPRegen 0.11/turn

%: no passive effects
@: mighty, lethally poisoned (0 -> -1), hasted and slowed
A: horns 2, retaliatory headbutt
a: no special abilities


You were on level 8 of the Dungeon.
You visited 1 branch of the dungeon, and saw 8 of its levels.

You collected 354 gold pieces.

Inventory:

Hand Weapons
 a - a +0 war axe
 v - the +8 whip "Gilets" (weapon) {freeze, rF+}
   (You found it on level 6 of the Dungeon)

   rF:        It protects you from fire.
Missiles
 t - a silver boomerang (quivered)
Armour
 b - a +0 scale mail (worn)
 c - a +0 buckler (worn)
 s - a +0 pair of boots (worn)
Jewellery
 l - a +6 ring of strength (left hand)
 o - a ring of resist corrosion (right hand)
 x - an amulet of regeneration (around neck)
 A - a ring of fire
Wands
 D - a wand of charming (2)
Scrolls
 e - 3 scrolls of identify
 f - a scroll of acquirement {unknown}
 g - 2 scrolls of teleportation
 h - 3 scrolls of enchant armour {unknown}
 j - a scroll of silence {unknown}
 k - a scroll of amnesia {unknown}
 n - 3 scrolls of blinking {unknown}
 p - a scroll of butterflies {unknown}
 r - a scroll of fear {unknown}
 w - a scroll of fog {unknown}
 y - a scroll of enchant weapon {unknown}
 E - a scroll of vulnerability {unknown}
Potions
 i - a potion of lignification {unknown}
 m - a potion of attraction {unknown}
 q - 3 potions of cancellation
 u - a potion of haste
 B - 2 potions of ambrosia
 C - 2 potions of flight {unknown}
 F - a potion of berserk rage {unknown}


   Skills:
 + Level 7.1 Fighting
 + Level 9.5(9.9) Axes
 + Level 4.1(7.3) Maces & Flails
 + Level 1.9 Throwing
 + Level 7.7 Armour
 + Level 4.0 Dodging
 + Level 0.8 Stealth
 + Level 6.3 Shields


You had 8 spell levels left.
You didn't know any spells.
Your spell library contained the following spells:

 Spells                   Type           Power      Damage    Failure   Level
 Vhi's Electric Charge    Tloc/Air       0%         N/A       97%         3
 Arcjolt                  Conj/Air       0%         1d10      100%        5
 Plasma Beam              Fire/Air       0%         2x1d11    100%        6


Dungeon Overview and Level Annotations

Branches:
Dungeon (9/15)               Lair (0/5) D:9
 Temple: D:4-7          Orc: D:9-12

Altars:
Ashenzari
Fedhas
Kikubaaqudgha
Vehumet

Shops:
D:5 (   D:6 =


Innate Abilities, Weirdness & Mutations

You have a pair of horns on your head.
You reflexively headbutt those who attack you in melee.


Message History

The water moccasin bites you!
You are poisoned.
The water moccasin poisons you! You block the hornet's attack.
The water moccasin bites you.
You whack the water moccasin!
The water moccasin seems to slow down.
You freeze the water moccasin!
Your headbutt misses the water moccasin.
The water moccasin is almost dead.
You feel very sick. The hornet closely misses you. You furiously retaliate!
You headbutt the hornet! You block the hornet's attack.
You block the water moccasin's attack.
You hit the water moccasin. You freeze the water moccasin.
You kill the water moccasin!
You feel very sick. The hornet closely misses you. You furiously retaliate!
You headbutt the hornet!!
The hornet stings you but does no damage.
Your Dodging skill increases to level 4!
You completely miss the hornet. Your headbutt misses the hornet.
The hornet is almost dead.
You feel sick. The hornet stings you!
* * * LOW HITPOINT WARNING * * *
You are more poisoned.
You feel as though you will be slow longer.
The hornet stings you.
* * * LOW HITPOINT WARNING * * *
You feel as though you will be slow longer.
You feel better. You block the hornet's attack. The hornet stings you.
* * * LOW HITPOINT WARNING * * *
You are poisoned.
You feel as though you will be slow longer.
You miss the hornet.
The hornet is almost dead.
You feel very sick. The hornet stings you!
* * * LOW HITPOINT WARNING * * *
You feel as though you will be slow longer.
It was a potion of haste.
You feel yourself speed up.
You die...

.#.# ## .... .##
#..! ..##
.......#..#... ...#
.......#.......#..#
............#..#..##
............#......#
#.............y@..#
##....!............#
#......†..##....##.#
#.....y.>....... ..#
.......S........ .#
.....K.......... ..
..............#. .#
..............## .#
...<........#...


You could see a hornet.

Vanquished Creatures
  5 yaks
  A water moccasin (D:8)
  A black bear (D:8)
  A sky beast (D:5)
  An ice beast (D:6)
  2 ogres (D:5)
  2 phantoms (D:6)
  A kobold brigand (D:6)
  3 bullfrogs
  2 scorpions (D:6)
  A gnoll sergeant (D:9)
  4 killer bees (D:9)
  2 howler monkeys (D:8)
  A vampire bat (D:3)
  2 jellies
  A gnoll bouda (D:6)
  5 orc priests
  3 hounds
  A sleepcap (D:4)
  3 iguanas
  An orc wizard (D:4)
  6 gnolls
  8 adders
  A shadow imp (D:8)
  2 white imps
  2 worms
  22 orcs
  7 ball pythons
  4 bat skeletons (D:3)
  2 bat zombies (D:3)
  4 endoplasms
  4 giant cockroaches
  6 goblins
  4 hobgoblins
  11 kobolds
  2 quokkas
  3 bats
  A frilled lizard (D:1)
  8 rats
140 creatures vanquished.

Notes
Turn   | Place    | Note
-------+----------+-------------------------------------------
     0 | D:1      | Babbit the Minotaur Fighter began the quest for the Orb.
     0 | D:1      | Reached XP level 1. HP: 19/19 MP: 0/0
   238 | D:1      | Reached XP level 2. HP: 24/27 MP: 1/1
   680 | D:2      | Found a faded altar of an unknown god.
   970 | D:2      | Reached XP level 3. HP: 32/33 MP: 2/2
  1007 | D:2      | Reached skill level 3 in Axes
  1390 | D:3      | Found an ancient bone altar of Kikubaaqudgha.
  1394 | D:3      | Reached XP level 4. HP: 41/41 MP: 3/3
  1465 | D:3      | Reached skill level 4 in Axes
  1465 | D:3      | Reached XP level 5. HP: 8/47 MP: 4/4
  2229 | D:4      | Reached skill level 5 in Axes
  2365 | D:4      | Found a blossoming altar of Fedhas.
  2365 | D:4      | Found a broken altar of Ashenzari.
  2515 | D:4      | Reached XP level 6. HP: 54/55 MP: 5/5
  2523 | D:4      | Reached skill level 1 in Throwing
  2822 | D:4      | Reached skill level 5 in Fighting
  2857 | D:4      | Reached skill level 5 in Armour
  3146 | D:5      | Entered Level 5 of the Dungeon
  3273 | D:5      | Reached skill level 1 in Dodging
  3366 | D:5      | Found Finupn's Weapon Shop.
  3386 | D:5      | Reached skill level 6 in Axes
  3473 | D:5      | Found a radiant altar of Vehumet.
  3480 | D:5      | Reached XP level 7. HP: 61/61 MP: 6/6
  3800 | D:6      | Noticed a yak
  3802 | D:6      | Noticed a yak
  3805 | D:6      | Killed a yak
  3805 | D:6      | Noticed a yak
  3806 | D:6      | Reached skill level 7 in Axes
  3807 | D:6      | Noticed a yak
  3807 | D:6      | Noticed a yak
  3814 | D:6      | Killed a yak
  3815 | D:6      | Reached skill level 5 in Shields
  3827 | D:5      | Reached XP level 8. HP: 26/70 MP: 7/7
  3828 | D:5      | Reached skill level 8 in Axes
  3965 | D:6      | Reached skill level 9 in Axes
  4049 | D:6      | Identified the +8 whip "Gilets" {freeze, rF+}
  4371 | D:6      | Found Ciorywiq's Jewellery Boutique.
  4383 | D:6      | Reached XP level 9. HP: 74/78 MP: 8/8
  4497 | D:6      | Reached skill level 1 in Maces & Flails
  4540 | D:6      | You fall into a shaft and drop 3 floors!
  4615 | D:9      | Noticed a two-headed ogre
  4631 | D:9      | Found a staircase to the Lair.
  4631 | D:9      | Noticed an elephant
  4737 | D:9      | Noticed a two-headed ogre
  4783 | D:8      | HP: 2/79 [hornet (7)]
  4784 | D:8      | Succumbed to a hornet's poison

Illustrated notes

Levels and vault maps discovered:
D:1:      tarquinn_simple_flora_water_c, layout_loops_cross
D:2:      layout_rooms, shapermc_ecumenical_altar_gd
D:3:      layout_basic, kennysheep_vampire_church,
          chequers_serial_rivers_small_b
D:4:      layout_loops_corners, gammafunk_temple_overflow_wave
D:5:      layout_basic, vehumet_crystals, serial_shops,
          nicolae_shop_advertising_works [nicolae_subvault_shop_adworks]
D:6:      layout_loops_corners, nicolae_ru_path_of_blood, gup_sewer_entry_glass,
          serial_shops, nicolae_shop_crystal, minmay_misc_feat_tiny,
          minmay_fractal_squares_diagonal_5
D:8:      layout_cave_pools, mainiacjoe_overflow_concentric_impassable
D:9:      layout_cave_pods, lemuel_round_altar, david_lair_generic,
          due_unseen_surprise, uniq_maurice

Skill      XL: |  1  2  3  4  5  6  7  8  9 |
---------------+----------------------------+-----
Armour         | 4 5 6 7 |  7.7
Shields        | 4 5 6 |  6.3
Fighting       | 4 5 6 7 |  7.1
Axes           | 3 4 5 6 7 9 |  9.5
Throwing       | 1 |  1.9
Dodging        | 1 3 4 |  4.0
Maces & Flails | 4 |  4.1
Stealth        | |  0.8

Action                     |  1- 3 |  4- 6 |  7- 9 || total
---------------------------+-------+-------+-------++-------
  Melee: War axe           |    72 |    93 |    46 ||   211
         Headbutt          |     3 |    12 |    17 ||    32
         Whip              |       |       |    59 ||    59
  Throw: Boomerang         |       |    10 |     9 ||    19
    Use: Scroll            |       |     3 |     3 ||     6
         Potion            |       |       |    10 ||    10
 Armour: Scale mail        |    41 |    28 |    73 ||   142
  Dodge: Dodged            |    46 |    37 |    92 ||   175
  Block: Buckler           |    25 |    20 |    40 ||    85
